Map: Acid Plant LE

Players

PtitDrogo - Winner!

  • Race: Protoss Protoss
  • Spawn Location: 11:00

DeMusliM

  • Race: Terran Terran
  • League: Master
  • Spawn Location: 5:00

Event: HomeStory Cup XVII

VOD

Have the link to the VOD?

Description

Time

  • Played on: June 29, 2018, 7 a.m.
  • Length: 8:41

All games in this series

Show
View Real Time Build Order
Export as new Build Order

PtitDrogo Protoss - Winner!

Build Orders: 1 Gate Expand, Blink Stalkers 

Get SALT Encoding   

  12  0:00  Probe  
  13  0:13  Probe  
  14  0:17  Pylon  
  14  0:24  Probe  
  15  0:32  Probe  
  15  0:37  Gateway  
  15  0:40  Probe  
  16  0:46  Assimilator  
  17  0:51  Probe  
  18  1:03  Probe  
  19  1:15  Probe  
  20  1:24  Nexus  
  20  1:33  Cybernetics Core  
  20  1:35  Probe  
  21  1:41  Assimilator  
  21  1:47  Probe  
  21  1:51  Pylon  
  22  1:59  Probe, Stalker  
  23  2:10  Warp Gate  
  23  2:11  Probe  
  26  2:24  Probe  
  26  2:26  Twilight Council  
  27  2:31  Stalker  
  27  2:32  Probe x2  
  31  2:40  Probe x2  
  31  2:41  Blink  
  31  2:50  Probe x2  
  35  3:01  Stalker  
  35  3:02  Probe x2  
  39  3:15  Gateway  
  39  3:19  Gateway  
  39  3:22  Probe  
  39  3:23  Probe  
  41  3:31  Stalker  
  43  3:37  Robotics Facility  
  43  3:38  Probe  
  43  3:41  Probe  
  45  3:45  Pylon  
  45  3:51  Probe  
  46  4:00  Probe  
  46  4:13  Stalker  
  46  4:14  Stalker x2  
  52  4:20  Probe  
  52  4:21  Shield Battery  
  52  4:23  Pylon  
  52  4:24  Pylon  
  53  4:25  Observer  
  53  4:29  Assimilator  
  54  4:41  Probe x2, Stalker x2  
  54  4:44  Stalker  
  62  4:53  Probe x2  
  62  4:54  Nexus  
  62  4:57  Pylon  
  64  5:05  Probe x2  
  66  5:11  Forge  
  66  5:12  Forge  
  66  5:15  Observer  
  66  5:16  Charge  
  66  5:17  Probe  
  66  5:20  Probe  
  69  5:23  Protoss Ground Armor Level 1  
  69  5:24  Pylon  
  69  5:26  Sentry  
  71  5:29  Probe  
  71  5:32  Probe  
  71  5:33  Protoss Ground Weapons Level 1  
  73  5:42  Probe  
  64  5:51  Probe  
  64  5:54  Probe  
  66  6:03  Probe  
  66  6:06  Probe  
  66  6:08  Probe  
  66  6:10  Gateway  
  66  6:11  Gateway  
  66  6:15  Probe  
  66  6:16  Gateway  
  66  6:18  Probe  
  68  6:19  Gateway x2  
  68  6:20  Probe  
  68  6:21  Warp Prism  
  71  6:27  Probe  
  71  6:30  Templar Archives, Probe  
  71  6:31  Sentry  
  71  6:32  Probe, Zealot x2  
  80  6:36  Pylon  
  80  6:39  Probe  
  81  6:40  Assimilator  
  81  6:44  Assimilator  
  81  6:47  Gateway  
  81  6:48  Observer  
  81  6:52  Probe  
  81  6:54  Probe  
  83  6:55  Stalker x3  
  87  7:07  Pylon  
  87  7:14  Zealot x3  
  93  7:19  Pylon x2  
  93  7:20  Pylon  
  93  7:21  Zealot x3  
  93  7:22  Zealot  
  101  7:23  Zealot  
  101  7:28  Immortal  
  104  7:33  Pylon  
  107  7:50  Zealot x3  
  107  7:51  Zealot x4  
  119  7:54  Stalker  
  115  8:11  Zealot x6  
  115  8:12  Stalker  
  115  8:30  Zealot  
  115  8:31  Zealot x4  
  115  8:32  Zealot x2  
Show
View Real Time Build Order
Export as new Build Order

DeMusliM Terran 

Build Orders: Cyclone Opening, Gas First Reaper Expand, Reaper Expand, MMM Bio 

Get SALT Encoding   

  12  0:00  SCV  
  13  0:12  SCV  
  14  0:17  Supply Depot  
  14  0:25  SCV  
  15  0:31  Refinery  
  15  0:38  SCV  
  16  0:44  Barracks  
  16  0:50  SCV  
  17  1:02  SCV  
  18  1:16  SCV  
  19  1:31  Orbital Command, Reaper  
  20  1:43  Command Center  
  20  1:53  Factory  
  20  1:57  SCV  
  21  2:03  Refinery  
  21  2:08  Barracks Reactor  
  21  2:10  SCV  
  22  2:15  Supply Depot  
  22  2:22  SCV  
  23  2:37  SCV  
  24  2:48  Cyclone  
  24  2:49  SCV  
  24  2:51  Marine  
  29  2:55  Cyclone  
  29  2:58  Orbital Command  
  32  3:01  SCV  
  33  3:08  Marine  
  34  3:13  SCV  
  35  3:20  Cyclone  
  35  3:25  SCV x2  
  40  3:29  Supply Depot  
  40  3:31  Cyclone  
  43  3:37  SCV x2  
  43  3:41  Barracks Tech Lab  
  45  3:43  Supply Depot  
  45  3:50  SCV  
  45  3:51  SCV  
  45  3:52  Widow Mine  
  49  4:04  Widow Mine  
  51  4:12  SCV x2  
  52  4:19  Widow Mine  
  52  4:23  Bunker  
  54  4:24  SCV x2  
  54  4:26  Command Center  
  54  4:27  Widow Mine  
  58  4:35  Supply Depot  
  58  4:36  SCV x2  
  60  4:40  Stimpack  
  60  4:47  Marine  
  60  4:50  SCV  
  60  4:52  Supply Depot  
  62  4:56  SCV  
  62  4:59  Barracks  
  63  5:02  SCV  
  63  5:03  Factory Tech Lab  
  64  5:07  Barracks  
  64  5:08  SCV  
  65  5:14  SCV  
  65  5:19  Engineering Bay  
  65  5:20  Engineering Bay  
  65  5:21  Refinery x2, SCV  
  67  5:26  SCV  
  67  5:28  Starport  
  68  5:30  Factory Reactor  
  68  5:31  Marauder  
  68  5:33  SCV  
  71  5:38  SCV  
  71  5:39  Orbital Command  
  71  5:45  SCV  
  71  5:50  Marine x2  
  71  5:51  Terran Infantry Armor Level 1, Terran Infantry Weapons Level 1  
  71  5:52  SCV  
  74  5:57  Supply Depot  
  74  5:58  SCV  
  71  6:04  SCV  
  71  6:08  Marauder  
  71  6:09  Marine x2  
  71  6:10  SCV  
  76  6:11  SCV  
  76  6:16  Combat Shields  
  76  6:17  Marauder  
  77  6:21  SCV  
  77  6:23  Barracks, SCV  
  77  6:24  Barracks  
  79  6:28  Medivac x2, Marine x2  
  85  6:33  Barracks  
  85  6:36  Factory Reactor  
  85  6:38  SCV  
  86  6:40  Marauder  
  86  6:42  Orbital Command, SCV  
  89  6:53  Marine x2  
  89  6:54  Marauder  
  93  6:58  Medivac x2, SCV x2  
  97  7:10  SCV x2  
  97  7:11  Supply Depot, Marauder  
  97  7:12  Supply Depot, Concussive Shells, Armory  
  97  7:15  Barracks Tech Lab  
  101  7:21  Factory Reactor  
  101  7:24  Marauder, SCV x3  
  101  7:25  Barracks Tech Lab  
  101  7:26  Marine x3  
  109  7:32  Medivac, Marine  
  109  7:33  Marauder  
  109  7:35  Refinery, Marauder  
  109  7:36  SCV x3  
  119  7:37  Refinery  
  119  7:39  Supply Depot  
  119  7:44  Medivac  
  121  7:47  Supply Depot  
  121  7:48  Marine, Marauder, SCV  
  121  7:50  Marauder  
  124  7:55  Marauder  
  124  7:56  SCV  
  116  7:58  Marine  
  116  7:59  Marauder  
  116  8:03  Marine  
  116  8:05  Marine  
  109  8:06  SCV  
  109  8:09  Marauder, Marine  
  109  8:11  Marauder  
  100  8:16  Marine, Marauder  
  100  8:19  SCV  
Tags
 
Add a new tag
Caveats
  • Supply blocks, unpowered buildings, or Contaminate may cause inaccurate times.
  • Supply counts are checked every 10 seconds.